 Dungeon Crawl Stone Soup version 0.29-a0-559-g359e09b9d1 (webtiles) character file.

Game seed: 3978507893787763607

320 loir the Magician (level 6, -9/46 HPs)
             Began as a Djinni Fire Elementalist on June 9, 2022.
             Mangled by an iguana (10 damage)
             ... on level 4 of the Dungeon.
             The game lasted 00:19:45 (4203 turns).

loir the Magician (Djinni Fire Elementalist)        Turns: 4203, Time: 00:19:45

Health: -9/46      AC:  8    Str:  7    XL:     6   Next: 75%
Gold:   239        EV: 12    Int: 18    God:
                   SH:  0    Dex: 14

rFire   + + .      SeeInvis .   m - +1 short sword (drain)
rCold   x . .      Faith    .   (no shield)
rNeg    . . .      Spirit   .   a - +1 robe
rPois   ∞          Reflect  .   (no helmet)
rElec   .          Harm     .   p - +1 cloak
rCorr   .          Rampage  .   l - +2 pair of gloves
Will    +....                   (boots unavailable)
Stlth   ++........              (no amulet)
HPRegen 0.15/turn               o - ring of willpower
MPRegen 0.00/turn               (no ring)

@: flying, very slightly contaminated
A: sickness immunity, fire resistance 2, cold vulnerability 1, float, innate
caster, HP casting, extra vitality 1
a: no special abilities


You were on level 4 of the Dungeon.
You visited 1 branch of the dungeon, and saw 4 of its levels.

You collected 239 gold pieces.

Inventory:

Hand Weapons
 m - a +1 short sword of draining (weapon)
Missiles
 c - 82 stones
 g - 2 poisoned darts
Armour
 a - a +1 robe (worn)
 e - a +2 pair of gloves
 h - an orb of mayhem
 l - a +2 pair of gloves (worn)
 p - a +1 cloak (worn)
 q - a +1 chain mail of cold resistance
Jewellery
 o - a ring of willpower (left hand)
Scrolls
 b - 6 scrolls of identify
 f - a scroll of silence
 i - a scroll of enchant weapon
Potions
 d - 7 potions of curing
 j - a potion of mutation
 k - 2 potions of attraction
 n - a potion of magic


   Skills:
 + Level 3.3 Fighting
 - Level 2.1 Dodging
 - Level 1.5 Stealth
 * Level 4.6 Spellcasting


You couldn't memorise any spells.
You knew the following spells:

 Your Spells              Type           Power      Damage    Failure   Level
a - Foxfire               Conj/Fire      84%        2x1d8     1%          1
b - Scorch                Fire           42%        2d7       3%          2
c - Conjure Flame         Conj/Fire      21%        6-21      6%          3
d - Inner Flame           Hex/Fire       21%        N/A       6%          3
e - Flame Wave            Conj/Fire      21%        2d7       21%         4
f - Sandblast             Erth           42%        2d11      1%          1
g - Searing Ray           Conj           42%        2d6       3%          2
Your spell library was empty.

Dungeon Overview and Level Annotations

Branches:
Dungeon (4/15)
 Temple: D:4-7

Altars:
Zin

Shops:
D:3 *


Innate Abilities, Weirdness & Mutations

You are immune to sickness and miasma.
You are immune to poison.
Your flesh is very heat resistant. (rF++)
You are vulnerable to cold. (rC-)
You float through the air rather than walking.
You learn spells naturally, not from books.
Your magical power is your life essence.
You have superior vitality. (+4 MHP)


Message History

Press: ? - help, Dir - move target, f - orc
Aim: an orc, wielding a +1 short sword of speed and quivering boomerangs (chance to affect: 86%)
The orc is filled with an inner flame.
The iguana bites you but does no damage.
The orc drinks a potion.
The orc flickers and vanishes!
Deactivating autopickup; reactivate with Ctrl-A.
The centaur shoots an arrow.
The arrow hits you.
Casting: Inner Flame (dangerous; 7% risk of failure)
Confirm with . or Enter, or press ? or * to list all spells.
Flames lash the orc.
Flame seeps out of the orc.
The orc is almost dead.
The orc's fire resistance burns away.
The centaur is no longer more vulnerable to fire.
The centaur shoots an arrow.
The arrow barely misses you. The iguana closely misses you.
The orc is engulfed in blazing flames.
The orc explodes!
The fiery explosion engulfs the orc!!!
You kill the orc!
The fiery explosion engulfs the centaur!!!
You kill the centaur!
You hear an angry hiss.
Casting: Scorch (safe; 3% risk of failure)
Confirm with . or Enter, or press ? or * to list all spells.
Flames lash the iguana.
The iguana is lightly wounded.
The iguana's fire resistance burns away.
* * * LOW HITPOINT WARNING * * *
The iguana closely misses you.
Casting: Scorch (safe; 3% risk of failure)
Confirm with . or Enter, or press ? or * to list all spells.
Flames lash the iguana.
The iguana is burned terribly!
The iguana is almost dead.
* * * LOW HITPOINT WARNING * * *
The iguana bites you!
* * * LOW HITPOINT WARNING * * *
Casting: Scorch (safe; 3% risk of failure)
Confirm with . or Enter, or press ? or * to list all spells.
You don't have enough health to cast this spell.
The iguana attacks as you move away! The iguana bites you!
You die...

#.# ###..##.
#########.# #†.....#
........#.####.#..##.
#...........#.....
#.##.#.######.###. #
#.##.#.# #>....
#..###.##.#.# ######
#....l......## #
##.###@.......# #####
#§##.###.... .....
##§##.# ### ##..
#§)##.# #...
#...§.§..# #...
####..#### #... #..#
##.. ...# #.. o..##
#.#


You could see an iguana (combustible).

Vanquished Creatures
  A centaur (D:4)
  2 hounds (D:4)
  An iguana (D:4)
  4 adders
  A worm (D:2)
  3 dart slugs
  10 orcs
  17 ball pythons
  10 endoplasms
  5 giant cockroaches
  4 goblins
  7 hobgoblins
  9 jackals
  5 kobolds
  3 quokkas
  4 bats
  3 frilled lizards
  4 rats
93 creatures vanquished.

Vanquished Creatures (others)
  221 foxfires
221 creatures vanquished.

Grand Total: 314 creatures vanquished

Notes
Turn   | Place    | Note
-------+----------+-------------------------------------------
     0 | D:1      | loir the Djinni Fire Elementalist began the quest for the
                  | Orb.
     0 | D:1      | Reached XP level 1. HP: 15/15 MP: 0/0
   194 | D:1      | Reached XP level 2. HP: 18/22 MP: 0/0
   434 | D:1      | Reached skill level 1 in Fighting
   540 | D:1      | Reached XP level 3. HP: 24/27 MP: 0/0
   540 | D:1      | Learned a level 1 spell: Sandblast
   612 | D:1      | Reached skill level 3 in Spellcasting
  1456 | D:2      | Reached XP level 4. HP: 29/33 MP: 0/0
  2516 | D:3      | Reached XP level 5. HP: 36/38 MP: 0/0
  2516 | D:3      | Learned a level 2 spell: Searing Ray
  2938 | D:3      | Found a faded altar of an unknown god.
  3344 | D:3      | Found a glowing silver altar of Zin.
  3345 | D:3      | Found Zin's Purification Station.
  3732 | D:4      | Reached skill level 4 in Spellcasting
  4080 | D:4      | Reached XP level 6. HP: 40/45 MP: 0/0
  4202 | D:4      | HP: 1/46 [iguana (9)]
  4203 | D:4      | Mangled by an iguana

Illustrated notes

Levels and vault maps discovered:
D:1:      amcnicky_arrival_flooded_fountain, layout_basic
D:2:      layout_loops_ring, grunt_decor_fettered, minmay_pentomino_q4
D:3:      wander_river, layout_basic, zin_purify, basic_ecumenical_altar
D:4:      layout_loops_ring

Skill      XL: |  1  2  3  4  5  6 |
---------------+-------------------+-----
Fighting       | 1 2 3 |  3.3
Spellcasting   | 3 4 |  4.6
Dodging        | |  2.1
Stealth        | |  1.5

Action                   |  1- 3 |  4- 6 || total
-------------------------+-------+-------++-------
 Cast: Foxfire           |    58 |    80 ||   138
       Scorch            |     5 |    35 ||    40
       Conjure Flame     |       |     3 ||     3
       Inner Flame       |       |     1 ||     1
  Use: Scroll            |     3 |     9 ||    12
       Potion            |     1 |       ||     1
Armor: Robe              |       |     3 ||     3
Dodge: Dodged            |       |    10 ||    10

Table legend: (Time is in decaauts)
 A = Elapsed time spent in this place.
 B = Non-inter-level travel time spent in this place.
 C = Inter-level travel time spent in this place.
 D = Time resting spent in this place.
 E = Time spent auto-exploring this place.
 F = Levels seen in this place.
 G = Mean time per level.
                   A        B        C        D        E       F      G
               +--------+--------+--------+--------+--------+-----+--------+
         Total |   4201 |   4105 |     96 |    177 |   3436 |   4 | 1050.2 |
       Dungeon |   4201 |   4105 |     96 |    177 |   3436 |   4 | 1050.2 |
               +--------+--------+--------+--------+--------+-----+--------+

Top non-repeatable levels by time:
     D:1: 1306 daAuts
     D:3: 1156 daAuts
     D:2: 1122 daAuts
     D:4: 616 daAuts
